 Dungeon Crawl Stone Soup version 0.23.2-40-g277498a001 (webtiles) character file.

Game seed: 4854072815262067252

83 FishyPogo the Firebug (level 4, 0/44 HPs)
             Began as an Ogre Fire Elementalist on Sept 1, 2019.
             Killed by divine providence
             ... invoked by an orc priest
              (14 damage)
             ... on level 3 of the Dungeon.
             The game lasted 00:07:34 (2390 turns).

FishyPogo the Firebug (Ogre Fire Elementalist)      Turns: 2390, Time: 00:07:35

Health: 0/44       AC:  4    Str: 12    XL:     4   Next: 44%
Magic:  6/8        EV: 10    Int: 22    God:
Gold:   150        SH:  0    Dex:  9    Spells: 5/8 levels left

rFire    . . .     SeeInvis .   i - +0 spear (freeze)
rCold    + . .     Gourm    .   (no shield)
rNeg     . . .     Faith    .   a - +0 robe
rPois    +         Spirit   .   (helmet restricted)
rElec    .         Reflect  .   m - +0 cloak
rCorr    .         Harm     .   (gloves unavailable)
MR       .....                  (boots unavailable)
Stlth    ++........             (no amulet)
HPRegen  0.14/turn              o - ring of protection from cold
MPRegen  0.11/turn              k - ring of poison resistance

@: brilliant, flying
A: large, unfitting armour, claws 1, blink, sense surroundings 1, tough skin 1
a: Blink


You were on level 3 of the Dungeon.
You were not hungry.

You visited 1 branch of the dungeon, and saw 3 of its levels.

You collected 150 gold pieces.

Inventory:

Hand Weapons
 i - a +0 spear of freezing (weapon)
Missiles
 f - 153 stones (quivered)
Armour
 a - a +0 robe (worn)
 m - a +0 cloak (worn)
Jewellery
 j - an uncursed ring of flight
 k - a ring of poison resistance (right claw)
 o - a ring of protection from cold (left claw)
Scrolls
 e - 6 scrolls of identify {unknown}
 h - a scroll of blinking {unknown}
Potions
 b - a potion of haste {unknown}
 d - a potion of might {unknown}
 n - a potion of brilliance
 p - a potion of mutation
 r - a potion of flight
Comestibles
 c - 4 rations
 q - 4 chunks of flesh


   Skills:
 * Level 2.4 Fighting
 + Level 0.6 Polearms
 + Level 2.2 Dodging
 - Level 2.0 Stealth
 + Level 2.8 Spellcasting
 + Level 1.4 Conjurations
 + Level 3.0 Fire Magic


You had 5 spell levels left.
You knew the following spells:

 Your Spells              Type           Power        Failure   Level  Hunger
a - Flame Tongue          Conj/Fire      ####.        1%          1    None
b - Throw Flame           Conj/Fire      ####..       1%          2    ##.....

Your spell library contained the following spells:

 Spells                   Type           Power        Failure   Level  Hunger
 Conjure Flame            Conj/Fire      ####....     1%          3    ###....
 Inner Flame              Hex/Fire       ###.....     2%          3    ###....
 Sticky Flame             Conj/Fire      ####....     6%          4    ####...
 Fireball                 Conj/Fire      ####......   14%         5    ######.


Dungeon Overview and Level Annotations

Branches:
Dungeon (3/15)

Altars:
Uskayaw


Innate Abilities, Weirdness & Mutations

You are too large for most types of armour.
You have tough skin. (AC +1)
You have sharp fingernails.
You can translocate small distances at will.
You passively map a small area around you.


Message History

Casting: Flame Tongue (safe; 1% risk of failure)
Confirm with . or Enter, or press ? or * to list all spells.
Aiming: Flame Tongue (safe; 1% risk of failure)
Press: ? - help, Shift-Dir - straight line, f - orc
Aim: an orc, wielding a +0 hand axe The flame tongue hits the orc.
The orc is moderately wounded.
The orc hits you but does no damage. The orc hits you with a +0 dagger.
The orc hits you with a +0 hand axe.
Casting: Flame Tongue (safe; 1% risk of failure)
Confirm with . or Enter, or press ? or * to list all spells.
Aiming: Flame Tongue (safe; 1% risk of failure)
Press: ? - help, Shift-Dir - straight line, f/p - orc
Aim: an orc, wielding a +0 hand axe (moderately wounded)
The flame tongue hits the orc!
You kill the orc!
The orc hits you with a +0 whip.
The orc priest invokes the aid of Beogh against you.
Beogh smites you!
You die...

** , ,##(.....#
* ** . #(......#
... , +.......#
, .... #)......#
....#+#...# ..
#..^...# ,
...#....S.#
..>...ooo##
.......)@#
....#+#..#
..#......# .
##.....######
+..........# ,
#..........# ,
*#..........####
#.............#
***
..###.......##.#


You could see an orc priest, an adder and 2 orcs.

Vanquished Creatures
  An orc priest (D:3)
  2 adders (D:2)
  3 worms (D:2)
  A leopard gecko (D:1)
  2 orcs (D:3)
  A bat (D:2)
  A giant cockroach (D:1)
  2 goblins (D:2)
  2 hobgoblins (D:2)
  6 kobolds
  A ball python (D:2)
  A frilled lizard (D:2)
  4 rats
27 creatures vanquished.

Notes
Turn   | Place    | Note
-------+----------+-------------------------------------------
     0 | D:1      | FishyPogo the Ogre Fire Elementalist began the quest for
                  | the Orb.
     0 | D:1      | Reached XP level 1. HP: 16/16 MP: 3/3
   451 | D:1      | Reached skill level 1 in Conjurations
   461 | D:1      | Reached skill level 1 in Fighting
   461 | D:1      | Reached XP level 2. HP: 21/27 MP: 3/5
   465 | D:1      | Learned a level 2 spell: Throw Flame
  1516 | D:2      | Reached XP level 3. HP: 33/33 MP: 2/6
  2070 | D:2      | Noticed a +0 hand axe
  2070 | D:2      | Noticed a +0 hand axe
  2075 | D:2      | Found a hide-covered altar of Uskayaw.
  2378 | D:3      | Reached skill level 3 in Fire Magic
  2378 | D:3      | Reached XP level 4. HP: 36/44 MP: 0/8
  2386 | D:3      | Gained mutation: You can translocate small distances at
                  | will. [potion of mutation]
  2386 | D:3      | Gained mutation: You have sharp fingernails. [potion of
                  | mutation]
  2386 | D:3      | Gained mutation: You passively map a small area around you.
                  | [potion of mutation]
  2390 | D:3      | Killed from afar by an orc priest

Skill      XL: |  1  2  3 |
---------------+----------+-----
Conjurations   | 1 |  1.4
Fighting       | 1 2 |  2.4
Dodging        | 2 |  2.2
Stealth        | 2 |  2.0
Fire Magic     | 3 |  3.0
Polearms       | |  0.6
Spellcasting   | |  2.8

Action                   |  1- 3 |  4- 6 || total
-------------------------+-------+-------++-------
Melee: Unarmed           |    24 |       ||    24
       Spear             |    13 |     1 ||    14
Throw: Stone             |    36 |       ||    36
 Cast: Flame Tongue      |    34 |     2 ||    36
       Throw Flame       |     5 |       ||     5
  Use: Potion            |       |     4 ||     4
       Scroll            |       |     1 ||     1
 Stab: Sleeping          |     3 |       ||     3
  Eat: Chunk             |     5 |       ||     5
Armor: Robe              |     6 |     4 ||    10
Dodge: Dodged            |    20 |     5 ||    25
